 Dungeon Crawl Stone Soup version 0.27.0-1-g7a089689b8 (webtiles) character file.

Game seed: 65889084266927994

31 freelancePsychic the Cudgeller (level 3, -2/34 HPs)
             Began as a Minotaur Chaos Knight on Aug 12, 2021.
             Was a Plaything of Xom.
             Slain by a hobgoblin (4 damage)
             ... on level 2 of the Dungeon.
             The game lasted 00:01:50 (659 turns).

freelancePsychic the Cudgeller (MiCK)                Turns: 659, Time: 00:01:52

Health: -2/34      AC:  5    Str: 17    XL:     3   Next: 7%
Magic:  2/2        EV: 11    Int:  9    God:    Xom [..*...]
Gold:   53         SH:  0    Dex:  9    Spells: 2/2 levels left

rFire    . . .     SeeInvis .   f - +0 quarterstaff
rCold    . . .     Faith    .   (shield currently unavailable)
rNeg     . . .     Spirit   .   b - +2 leather armour
rPois    .         Reflect  .   (helmet restricted)
rElec    .         Harm     .   (no cloak)
rCorr    .         Rampage  .   (no gloves)
Will     .....                  (no boots)
Stlth    +.........             (no amulet)
HPRegen  0.11/turn              (no ring)
MPRegen  0.08/turn              (no ring)

@: no status effects
A: horns 2, retaliatory headbutt
a: Renounce Religion


You were on level 2 of the Dungeon.
You worshipped Xom.
You were a toy of Xom.
You visited 1 branch of the dungeon, and saw 2 of its levels.

You collected 53 gold pieces.

Inventory:

Hand Weapons
 a - a +0 mace of chaos
 f - a +0 quarterstaff (weapon)
Missiles
 g - a throwing net (quivered)
Armour
 b - a +2 leather armour (worn)
Scrolls
 c - 2 scrolls of noise {unknown}
 d - a scroll of enchant weapon {unknown}
 e - a scroll of holy word {unknown}
 h - a scroll of blinking {unknown}
 i - a scroll of teleportation {unknown}
 j - a scroll of enchant armour {unknown}
 k - 2 scrolls of immolation {unknown}


   Skills:
 + Level 4.3 Fighting
 + Level 4.4 Maces & Flails
 - Level 2.5 Armour
 - Level 1.2 Dodging


You had 2 spell levels left.
You didn't know any spells.
Your spell library was empty.

Dungeon Overview and Level Annotations

Branches:
Dungeon (2/15)

Altars:


Innate Abilities, Weirdness & Mutations

You have a pair of horns on your head.
You reflexively headbutt those who attack you in melee.


Message History

You feel sick. Something bites you but does no damage. Something grabs you.
You are constricted.
You escape the ball python's grasp.
You feel sick.
You feel sick.
You are no longer poisoned.
Something bites you but does no damage. Something grabs you.
You are constricted.
You escape the ball python's grasp.
There is a stone staircase leading up here.
Something bites you.
* * * LOW HITPOINT WARNING * * *
Something grabs you.
You stop ascending the stairs.
You are constricted.
You escape the ball python's grasp.
Found an escape hatch in the ceiling.
Something bites you but does no damage. Something grabs you.
You are constricted.
The ball python's grasp on you weakens, but your attempt to escape fails.
Something completely misses you.
You are constricted.
You escape the ball python's grasp.
The hobgoblin hits you.
* * * LOW HITPOINT WARNING * * *
Something bites you but does no damage. Something grabs you.
You are constricted.
You escape the ball python's grasp.
There is an escape hatch in the ceiling here.
Something bites you but does no damage. Something grabs you.
You stop ascending the stairs.
You are constricted.
You escape the ball python's grasp.
Something bites you but does no damage. Something grabs you.
You stop ascending the stairs.
* * * LOW HITPOINT WARNING * * *
You are constricted.
The hobgoblin hits you but does no damage.
You escape the ball python's grasp.
A ball python appears from thin air!
Reactivating autopickup.
You aren't carrying any potions.
You closely miss the hobgoblin. Your headbutt misses the hobgoblin.
The hobgoblin hits you.
You die... "This toy is broken."

#### ..# #.#
#@# #g#
#S#######
##+#..[.....
#.......####
#.......+ ,
#.......##, *,*
. #........# *,
*
#..###+#.....#,
,,,*


You could see a hobgoblin and a ball python.

Vanquished Creatures
  An adder (D:2)
  2 endoplasms (D:1)
  A giant cockroach (D:1)
  A goblin (D:1)
  5 jackals (D:1)
  3 quokkas
  4 ball pythons (D:1)
  3 frilled lizards (D:1)
  A rat (D:1)
21 creatures vanquished.

Notes
Turn   | Place    | Note
-------+----------+-------------------------------------------
     0 | D:1      | freelancePsychic the Minotaur Chaos Knight began the quest
                  | for the Orb.
     0 | D:1      | Reached XP level 1. HP: 19/19 MP: 0/0
    61 | D:1      | XOM: divination: magic mapping
   132 | D:1      | XOM: divination: magic mapping
   134 | D:1      | Reached XP level 2. HP: 27/27 MP: 1/1
   224 | D:1      | XOM: smoke on damage
   310 | D:1      | XOM: silly message
   586 | D:2      | XOM: divination: magic mapping
   614 | D:2      | XOM: enchant monster (bad)
   629 | D:2      | XOM: blink monster(s)
   632 | D:2      | Reached XP level 3. HP: 5/34 MP: 2/2
   656 | D:2      | HP: 1/34 [something (1)]
   659 | D:2      | Slain by a hobgoblin

Illustrated notes

Levels and vault maps discovered:
D:1:      ebering_hopf_link, layout_basic, minmay_misc_feat_tiny
D:2:      minmay_general_purpose_star, layout_basic

Skill      XL: |  1  2 |
---------------+-------+-----
Fighting       | 4 |  4.3
Maces & Flails | 4 |  4.4
Armour         | |  2.5
Dodging        | |  1.2

Action                   || total
-------------------------++-------
Melee: Mace              ||    20
       Quarterstaff      ||    37
       Headbutt          ||     3
Armor: Leather armour    ||    38
Dodge: Dodged            ||    34
